 Dungeon Crawl Stone Soup version 0.31-a0-276-ge00219d475 (webtiles) character file.

Game seed: 12539089844138669472

1459 Querens the Grappler (level 8, 0/68 (84) HPs)
             Began as a Troll Monk on July 15, 2023.
             Was an Elder of Okawaru.
             Slain by a wight
             ... wielding a +1 flail of freezing
              (2 damage)
             ... on level 7 of the Dungeon.
             The game lasted 00:15:10 (3633 turns).

Querens the Grappler (Troll Monk)                   Turns: 3633, Time: 00:15:10

HP:   0/68 (84)     AC:  5    Str: 22    XL:     8   Next: 48%
MP:   7/7           EV: 10    Int:  6    God:    Okawaru [****..]
Gold: 157           SH:  0    Dex: 12    Spells: 7/7 levels left

rFire   . .          .
                       - Unarmed
rCold   + . .        (no shield)
rNeg    . . .        a - +0 robe
rPois   +            (helmet restricted)
rElec   .            t - +0 cloak
rCorr   .            (gloves unavailable)
SInv    .            (boots unavailable)
Will    .....        n - amulet of regeneration
Stlth   +            x - ring of poison resistance
HPRegen 1.91/turn    y - ring of protection from cold
MPRegen 0.10/turn

%: no passive effects
@: heavily drained
A: large, unfitting armour, claws 3, regeneration 1, shaggy fur 1, tough skin 1
a: Renounce Religion, Heroism, Finesse


You were on level 7 of the Dungeon.
You worshipped Okawaru.
Okawaru was greatly pleased with you.
You visited 2 branches of the dungeon, and saw 8 of its levels.

You collected 417 gold pieces.
You spent 260 gold pieces at shops.

Inventory:

Missiles
 k - 5 large rocks
Armour
 a - a +0 robe (worn)
 c - an orb of light
 t - a +0 cloak (worn)
 B - a +0 tower shield
Jewellery
 n - an amulet of regeneration (around neck)
 x - a ring of poison resistance (left claw)
 y - a ring of protection from cold (right claw)
Wands
 p - a wand of digging (6)
 z - a wand of flame (17)
Scrolls
 d - a scroll of torment {unknown}
 i - 6 scrolls of identify {unknown}
 j - 2 scrolls of teleportation {unknown}
 m - 2 scrolls of fear {unknown}
 o - 2 scrolls of poison {unknown}
 u - a scroll of enchant weapon {unknown}
 w - 2 scrolls of blinking {unknown}
 A - a scroll of brand weapon {unknown}
 C - a scroll of noise {unknown}
Potions
 b - a potion of ambrosia
 e - a potion of lignification {unknown}
 f - 3 potions of heal wounds {unknown}
 g - 8 potions of curing
 h - a potion of mutation {unknown}
 l - a potion of resistance {unknown}
 q - 3 potions of attraction
 r - a potion of brilliance {unknown}
 s - a potion of enlightenment {unknown}
 v - 2 potions of haste


   Skills:
 + Level 6.7 Fighting
 - Level 2.4 Dodging
 + Level 8.1 Unarmed Combat


You had 7 spell levels left.
You didn't know any spells.
Your spell library contained the following spells:

 Spells                   Type           Power      Damage    Failure   Level
 Magic Dart               Conj           0%         1d3       45%         1
 Mephitic Cloud           Conj/Pois/Air  0%         N/A       83%         3
 Portal Projectile        Hex/Tloc       0%         N/A       83%         3
 Leda's Liquefaction      Hex/Erth       0%         N/A       99%         4
 Call Imp                 Summ           Unusable   N/A       N/A         2
 Call Canine Familiar     Summ           Unusable   N/A       N/A         3

Dungeon Overview and Level Annotations

Branches:
Dungeon (7/15)             Temple (1/1) D:4

Altars:
Ashenzari
Dithmenos
Elyvilon
Gozag
Hepliaklqana
Kikubaaqudgha
Makhleb
Nemelex Xobeh
Okawaru
Ru
Sif Muna
Trog
Uskayaw
Vehumet
Wu Jian
Xom
Yredelemnul
Zin
The Shining One

Shops:
D:1 *   D:2 [   D:4 ([!![


Innate Abilities, Weirdness & Mutations

You are too large for most types of armour.
You have claws for hands.
Your natural rate of healing is unusually fast.
You are covered in fur. (AC +1)
You have tough skin. (AC +1)


Message History

You feel drained.
You fail to use your ability.
The wight closely misses you. The wight barely misses you.
You claw the wight!
The wight is severely damaged.
You barely miss the wight.
The wight is severely damaged.
The wight barely misses you. x2
You barely miss the wight. You claw the wight.
You destroy the wight!
Okawaru accepts your kill.
The wight hits you from afar with a +0 spear.
You feel drained.
The wight hits you from afar with a +3 trident.
You feel drained.
You closely miss the wight. The wight barely misses you. The wight misses you.
The wight hits you with a +1 flail of freezing!
The wight freezes you.
You closely miss the wight.
The wight hits you from afar with a +0 spear.
The wight hits you from afar with a +3 trident!
You feel drained.
The wight hits you with a +1 flail of freezing!
You feel drained. The wight freezes you.
You are too injured to fight recklessly!
You barely miss the wight.
The wight hits you from afar with a +0 spear.
* * * LOW HITPOINT WARNING * * *
You feel drained.
* * * LOW HITPOINT WARNING * * *
The wight hits you from afar with a +3 trident!
* * * LOW HITPOINT WARNING * * *
You feel drained.
* * * LOW HITPOINT WARNING * * *
The wight barely misses you. The wight attacks as you move away!
The wight hits you with a +1 flail of freezing.
* * * LOW HITPOINT WARNING * * *
You feel drained.
You die...

##...##.####...
....[..........
...............
...............
........=......
...............
......z.z...... ######
##...##z####..#
##....#########@####..###.
#.........................
#.........................
#.......................
###.##'######+##+##...##
..####...##...##.##<..####
.........#.................
.........#.................
.........#.................


You could see 3 wights.

Vanquished Creatures
  An ice beast (D:5)
  2 black bears
  2 sky beasts (D:6)
  An ogre (D:6)
  The ghost of Kusto the Grave Robber, an amateur DsNe (D:3)
  2 scorpions
  A wight (D:7)
  5 howler monkeys
  2 hounds
  3 sleepcaps
  A gnoll bouda (D:6)
  Ijyb (D:3)
  3 iguanas
  An orc wizard (D:4)
  7 gnolls
  2 adders
  A shadow imp (D:5)
  2 worms
  A dart slug (D:2)
  12 orcs
  6 ball pythons
  5 endoplasms
  2 giant cockroaches (D:1)
  5 goblins
  7 hobgoblins
  7 jackals
  3 quokkas
  5 bats
  9 frilled lizards
  7 kobolds
  6 rats
113 creatures vanquished.

Notes
Turn   | Place    | Note
-------+----------+-------------------------------------------
     0 | D:1      | Querens the Troll Monk began the quest for the Orb.
     0 | D:1      | Reached XP level 1. HP: 22/22 MP: 0/0
   157 | D:1      | Found Keujainomna's Assorted Antiques.
   230 | D:1      | Reached XP level 2. HP: 29/29 MP: 1/1
   408 | D:1      | Reached XP level 3. HP: 37/37 MP: 2/2
   858 | D:2      | Found Iddoulir's Armour Shoppe.
  1117 | D:3      | Noticed Ijyb
  1130 | D:3      | Killed Ijyb
  1131 | D:3      | Reached skill level 4 in Unarmed Combat
  1131 | D:3      | Reached XP level 4. HP: 17/45 MP: 3/3
  1551 | D:3      | Noticed Kusto's ghost (amateur DsNe)
  1552 | D:3      | Found a runed translucent gate.
  1553 | D:3      | Found a runed translucent gate.
  1553 | D:3      | Found a runed translucent gate.
  1683 | D:3      | Found an opulent altar of Gozag.
  1688 | D:3      | Found a shadowy altar of Dithmenos.
  1746 | D:3      | Killed Kusto's ghost
  1747 | D:3      | Reached XP level 5. HP: 54/54 MP: 4/4
  1826 | D:4      | Found Ygoeckeo's Distillery.
  1830 | D:4      | Found Putt's Armour Emporium.
  1848 | D:4      | Bought 2 potions of curing for 60 gold pieces
  1848 | D:4      | Bought a potion of curing for 30 gold pieces
  1848 | D:4      | Bought a potion of curing for 30 gold pieces
  1848 | D:4      | Bought a potion of degeneration for 10 gold pieces
  1848 | D:4      | Bought a potion of haste for 100 gold pieces
  1848 | D:4      | Bought a potion of attraction for 30 gold pieces
  1876 | D:4      | Found Zurefon's Distillery.
  1909 | D:4      | Found Woosm's Antique Weapon Shop.
  1948 | D:4      | Found Doyciuwn's Armour Shoppe.
  2042 | D:4      | Found a staircase to the Ecumenical Temple.
  2052 | Temple   | Entered the Ecumenical Temple
  2137 | Temple   | Became a worshipper of Warmaster Okawaru
  2137 | Temple   | Reached * piety under Okawaru
  2137 | Temple   | Reached ** piety under Okawaru
  2184 | D:4      | Reached skill level 5 in Unarmed Combat
  2318 | D:4      | Reached XP level 6. HP: 63/63 MP: 5/5
  2499 | D:5      | Entered Level 5 of the Dungeon
  2526 | D:5      | Found a shimmering blue altar of Sif Muna.
  2526 | D:5      | Found an ancient bone altar of Kikubaaqudgha.
  2741 | D:5      | Reached skill level 5 in Fighting
  2741 | D:5      | Reached skill level 6 in Unarmed Combat
  2741 | D:5      | Reached XP level 7. HP: 71/72 MP: 6/6
  2840 | D:5      | Reached *** piety under Okawaru
  3041 | D:6      | Reached skill level 7 in Unarmed Combat
  3044 | D:6      | Reached XP level 8. HP: 83/83 MP: 7/7
  3086 | D:6      | Identified the +2 ring mail of Snakes and Ladders {rF++
                  | Int+3}
  3129 | D:6      | HP: 2/83 [something (6)]
  3284 | D:6      | Reached **** piety under Okawaru
  3315 | D:6      | Reached skill level 8 in Unarmed Combat
  3530 | D:6      | Noticed an angel
  3531 | D:6      | Found a glowing silver altar of Zin.
  3633 | D:7      | HP: 2/70 [wight/+1 flail of freezing (6)]
  3633 | D:7      | Slain by a wight

Illustrated notes

Levels and vault maps discovered:
D:1:      scummos_arrival_checkerplants, layout_loops_ring, serial_shops,
          nicolae_shop_tiny_glass, minmay_lizard_pond
D:2:      layout_basic, serial_shops, nicolae_shop_real_fake_doors
D:3:      layout_loops_corners, chequers_temple_overflow_statue_of_worship,
          gammafunk_ghost_split, uniq_ijyb
D:4:      layout_loops_ring, temple_pool_b, serial_shops,
          nicolae_shop_scrapyard, shop, nicolae_take_the_stairs,
          nicolae_shop_gibbet_a_chance, shop_coins
D:5:      layout_loops_cross, grunt_temple_overflow_open
D:6:      layout_rooms, zin_angel, nicolae_kite_square_tiling_tiny,
          patterned_corridor
D:7:      layout_gridville, grunt_temple_overflow_forces_of_nature, uniq_maggie
Temple:   compressed_dpeg_circular_temple

Skill      XL: |  1  2  3  4  5  6  7  8 |
---------------+-------------------------+-----
Fighting       | 3 4 5 6 |  6.7
Unarmed Combat | 4 5 6 7 8 |  8.1
Dodging        | |  2.4

Action                     |  1- 3 |  4- 6 |  7- 9 || total
---------------------------+-------+-------+-------++-------
  Melee: Unarmed           |    91 |    89 |    98 ||   278
         Punch             |       |     1 |     4 ||     5
   Stab: Sleeping          |       |     1 |       ||     1
 Armour: Robe              |    26 |    23 |    17 ||    66
  Dodge: Dodged            |    29 |    37 |    43 ||   109

Table legend: (Time is in decaauts)
 A = Elapsed time spent in this place.
 B = Non-inter-level travel time spent in this place.
 C = Inter-level travel time spent in this place.
 D = Time resting spent in this place.
 E = Time spent auto-exploring this place.
 F = Levels seen in this place.
 G = Mean time per level.
                   A        B        C        D        E       F      G
               +--------+--------+--------+--------+--------+-----+--------+
         Total |   3603 |   3383 |    220 |      0 |      0 |   8 |  450.4 |
       Dungeon |   3506 |   3286 |    220 |      0 |      0 |   7 |  500.9 |
        Temple |     96 |     96 |      0 |      0 |      0 |   1 |   96.0 |
               +--------+--------+--------+--------+--------+-----+--------+

Top non-repeatable levels by time:
     D:3: 686 daAuts
     D:4: 597 daAuts
     D:1: 594 daAuts
     D:6: 546 daAuts
     D:2: 510 daAuts
     D:5: 492 daAuts
  Temple: 96 daAuts
     D:7: 78 daAuts
